Description

Mech is coming!

Replay - GilTzOkO v Miszu - Dusk Towers

Build Order

Get SALT Encoding   

  12  0:01  SCV  
  13  0:13  SCV  
  14  0:18  Supply Depot  
  14  0:25  SCV  
  15  0:37  Refinery  
  15  0:40  SCV  
  16  0:48  Barracks  
  16  0:52  SCV  
  18  1:04  SCV  
  18  1:16  SCV  
  19  1:28  SCV  
  20  1:36  Reaper  
  21  1:44  Command Center  
  21  1:52  Orbital Command  
  21  2:00  Refinery  
  21  2:01  Supply Depot  
  21  2:08  Reaper  
  22  2:17  Factory  
  22  2:21  SCV  
  23  2:33  SCV  
  24  2:42  Barracks Reactor  
  24  2:45  SCV  
  24  2:57  SCV  
  24  2:58  Orbital Command  
  25  3:02  Widow Mine, Starport  
  27  3:09  SCV  
  28  3:21  SCV  
  28  3:23  SCV  
  28  3:25  Liberator  
  30  3:30  Barracks Tech Lab  
  30  3:34  SCV  
  31  3:35  SCV  
  31  3:39  Widow Mine x2  
  36  3:46  SCV  
  36  3:48  SCV  
  41  3:54  Refinery  
  41  3:55  Refinery  
  41  3:58  SCV  
  41  4:00  SCV  
  41  4:01  Supply Depot  
  43  4:09  Command Center  
  43  4:10  SCV  
  44  4:19  SCV  
  44  4:22  SCV  
  46  4:29  Supply Depot  
  50  4:31  Hellion x2  
  50  4:37  Cloaking Field, Banshee  
  53  4:45  SCV  
  54  4:50  SCV  
  54  4:51  Factory  
  54  4:54  Factory  
  54  4:57  SCV  
  53  5:02  SCV  
  53  5:06  Supply Depot  
  54  5:09  SCV  
  55  5:14  SCV  
  55  5:20  Banshee  
  59  5:22  Orbital Command, SCV  
  59  5:23  Widow Mine x2  
  59  5:26  SCV  
  65  5:34  SCV  
  66  5:37  Factory Tech Lab x2  
  66  5:38  SCV  
  64  5:44  Engineering Bay  
  64  5:46  SCV  
  64  5:49  Orbital Command  
  65  5:50  SCV  
  65  5:52  Hellion  
  65  5:53  Hellion  
  70  5:57  Cyclone x2  
  70  5:58  SCV  
  70  6:02  Supply Depot, SCV  
  70  6:03  Medivac  
  82  6:05  Supply Depot  
  82  6:10  SCV  
  83  6:16  Factory  
  83  6:20  SCV x2  
  83  6:24  Armory  
  85  6:26  Supply Depot  
  85  6:29  Siege Tank x2  
  85  6:30  Hellion  
  85  6:32  SCV  
  94  6:35  Supply Depot  
  94  6:36  SCV x2  
  96  6:45  SCV  
  97  6:48  Refinery x2, SCV  
  97  6:49  Supply Depot  
  97  6:53  Command Center  
  95  7:03  Siege Tank x2  
  95  7:05  SCV x2  
  95  7:06  SCV  
  104  7:09  Supply Depot  
  104  7:11  Supply Depot  
  104  7:12  Factory Tech Lab  
  104  7:14  Terran Vehicle Weapons Level 1  
  103  7:17  SCV x2  
  103  7:18  Armory  
  100  7:22  Missile Turret  
  100  7:25  Missile Turret  
  100  7:26  SCV  
  100  7:29  SCV  
  95  7:38  SCV  
  95  7:39  SCV  
  83  7:51  SCV x2  
  83  7:54  Cyclone x2  
  83  7:57  SCV  
  84  8:01  Missile Turret  
  84  8:03  SCV  
  86  8:12  SCV  
  84  8:32  Hellion x5  
  94  8:39  Raven  
  94  8:40  SCV x2  
  94  8:52  SCV x2  
  94  8:55  Orbital Command  
  96  9:04  Siege Tank, SCV x2  
  101  9:11  Missile Turret  
  101  9:16  SCV x2  
  102  9:23  Cyclone  
  106  9:28  SCV x2  
  107  9:38  Viking  
  109  9:40  SCV x2  
  109  9:42  Supply Depot, Terran Vehicle Weapons Level 2, Terran Vehicle And Ship Armor Level 1  
  111  9:48  Missile Turret  
  111  9:52  SCV x2  
  113  9:54  Supply Depot  
Spawning Tool Build Advisor. Get it on Overwolf

Go to:

Details

  • Created by: PeterLiu
  • Published on: Sep 06, 2016
  • Modified on: Sep 06, 2016
  • Patch: Pre-3.8.0
Show
View Real Time Build Order
Export as new Build Order

Comments (0)

There are no comments. Be the first!

Create an account to comment!